 Dungeon Crawl Stone Soup version 0.28.0 (webtiles) character file.

Game seed: 16707753370476157473

1691 dolemite99 the Grappler (level 8, -8/74 HPs)
             Began as a Troll Monk on Feb 13, 2022.
             Was a Follower of Uskayaw.
             Mangled by a gnoll (11 damage)
             ... on level 6 of the Dungeon.
             The game lasted 00:05:40 (5291 turns).

dolemite99 the Grappler (Troll Monk)                Turns: 5291, Time: 00:05:41

Health: -8/74      AC:  4    Str: 22    XL:     8   Next: 72%
Magic:  7/7        EV: 10    Int:  6    God:    Uskayaw [*.....]
Gold:   248        SH:  0    Dex: 12    Spells: 7/7 levels left

rFire   . . .      SeeInvis .     - Unarmed
rCold   . . .      Faith    .   (no shield)
rNeg    . . .      Spirit   .   a - +0 robe
rPois   .          Reflect  .   (helmet restricted)
rElec   .          Harm     .   s - scarf {shadows}
rCorr   .          Rampage  .   (gloves unavailable)
Will    .....                   (boots unavailable)
Stlth   ++........              (no amulet)
HPRegen 1.02/turn               d - ring of wizardry
MPRegen 0.10/turn               (no ring)

@: no status effects
A: large, unfitting armour, claws 3, regeneration 1, shaggy fur 1, tough skin 1
a: Renounce Religion, Stomp


You were on level 6 of the Dungeon.
You worshipped Uskayaw.
Uskayaw was noncommittal.
You visited 1 branch of the dungeon, and saw 6 of its levels.

You collected 248 gold pieces.

Inventory:

Hand Weapons
 m - the +1 dagger of Parts Unknown {venom, rF+ Int-2 Dex+3}
   (You found it on level 3 of the Dungeon)

   It poisons the flesh of those it strikes.
   Int:       It affects your intelligence (-2).
   Dex:       It affects your dexterity (+3).
   rF:        It protects you from fire.
Missiles
 l - 18 sling bullets
 n - 19 bolts
 u - 11 stones (quivered)
Armour
 a - a +0 robe (worn)
 j - a +0 tower shield
 s - a scarf of shadows (worn)
Magical Staves
 p - a staff of conjuration
Jewellery
 d - a ring of wizardry (left claw)
Wands
 h - a wand of iceblast (12)
Scrolls
 b - 4 scrolls of enchant weapon
 e - 4 scrolls of teleportation
 i - 2 scrolls of blinking
 r - a scroll of amnesia {unknown}
 t - a scroll of enchant armour {unknown}
Potions
 c - 6 potions of haste
 f - a potion of lignification
 g - 2 potions of might
 k - a potion of flight
 o - 2 potions of heal wounds {unknown}
 q - 2 potions of magic {unknown}


   Skills:
 + Level 2.4 Fighting
 - Level 2.4 Dodging
 - Level 1.0 Stealth
 - Level 11.5 Unarmed Combat


You had 7 spell levels left.
You didn't know any spells.
Your spell library contained the following spells:

 Spells                   Type           Power      Damage    Failure   Level
 Dispersal                Tloc           0%         N/A       100%        6
 Disjunction              Tloc           0%         N/A       100%        8


Dungeon Overview and Level Annotations

Branches:
Dungeon (6/15)             Temple (0/1) D:4

Altars:
Fedhas
Gozag
Qazlal
Uskayaw


Innate Abilities, Weirdness & Mutations

You are too large for most types of armour.
You have claws for hands.
Your natural rate of healing is unusually fast.
You are covered in fur. (AC +1)
You have tough skin. (AC +1)


Message History

The ufetubus closely misses you. The ufetubus hits you.
The gnoll hits you with a +0 halberd.
The gnoll hits you from afar with a +0 halberd.
The gnoll barely misses you.
You barely miss the ufetubus. The ufetubus barely misses you.
The ufetubus hits you. The gnoll closely misses you.
The gnoll hits you from afar with a +0 halberd.
The gnoll shouts!
You mangle the ufetubus!!
You kill the ufetubus!
The gnoll hits you from afar with a +0 halberd!
The gnoll closely misses you.
You claw the gnoll!
The gnoll is severely wounded.
The gnoll closely misses you. The gnoll hits you with a +0 halberd!
The gnoll closely misses you.
You can now pass through a line of other dancers.
You closely miss the gnoll.
The gnoll is severely wounded.
The gnoll closely misses you. x2
The gnoll barely misses you. The gnoll hits you with a +0 halberd!
The gnoll hits you with a +0 halberd.
You are too injured to fight recklessly!
You are too injured to fight recklessly!
You are too injured to fight recklessly!
You closely miss the gnoll. Your claw misses the gnoll.
The gnoll is severely wounded.
The gnoll closely misses you.
The gnoll hits you from afar with a +0 halberd!
You barely miss the gnoll. The gnoll barely misses you.
The gnoll hits you with a +0 halberd!
* * * LOW HITPOINT WARNING * * *
The gnoll misses you. The gnoll barely misses you.
The gnoll hits you from afar with a +0 halberd.
* * * LOW HITPOINT WARNING * * *
The gnoll misses you. The gnoll hits you with a +0 halberd!
* * * LOW HITPOINT WARNING * * *
You can no longer pass through a line of other dancers.
The gnoll hits you from afar with a +0 halberd!
You die...

*** ****,,,,, **,* **,,,,,,,,
*#..##* **,,,,,,,,, *.....*
*,,,,,,,,,, ##...####**,,,#.,,,,
*....##.##**,...,,,*
####.......##*....,,,* **
###*#......##...##....,,,, ,**
*###..##....@###.........,,,,
,,***.........g...#..........,,,*
,,,**....?....ggg............,,,*
,,,*,!......##.......#.g.....,,,*
,,,,,...............##.......,,,,
,,,**..##....#..........gg...,,,,
,,,**,##.....................,,,,
,,,,,,#............##........,,,,
,,,,,,#..................g...,,,*


You could see 4 gnolls.

Vanquished Creatures
  A two-headed ogre (D:6)
  Grinder (D:5)
  A necrophage (D:5)
  2 ogres (D:5)
  A scorpion (D:4)
  4 wights
  A bullfrog zombie (D:5)
  A centaur zombie (D:5)
  An orc priest (D:6)
  A centaur skeleton (D:4)
  2 orc wizards (D:6)
  A hound skeleton (D:4)
  Robin (D:3)
  6 adders
  8 gnolls
  A shadow imp (D:6)
  An ufetubus (D:6)
  An adder skeleton (D:4)
  A dart slug (D:4)
  8 orcs
  3 ball pythons
  9 endoplasms
  2 giant cockroaches
  9 hobgoblins
  7 jackals
  4 quokkas
  6 bats
  2 frilled lizards
  15 goblins
  5 kobolds
  8 rats
114 creatures vanquished.

Notes
Turn   | Place    | Note
-------+----------+-------------------------------------------
     0 | D:1      | dolemite99 the Troll Monk began the quest for the Orb.
     0 | D:1      | Reached XP level 1. HP: 22/22 MP: 0/0
   187 | D:1      | Reached XP level 2. HP: 29/29 MP: 1/1
   553 | D:1      | Reached skill level 4 in Unarmed Combat
   639 | D:1      | Found a faded altar of an unknown god.
   648 | D:1      | Prayed at the altar of an unknown god.
   648 | D:1      | Became a worshipper of Uskayaw the Reveller
   648 | D:1      | Reached * piety under Uskayaw
   648 | D:1      | Reached ** piety under Uskayaw
   857 | D:2      | Reached XP level 3. HP: 31/36 MP: 2/2
  1493 | D:3      | Found a stormy altar of Qazlal.
  1544 | D:3      | Reached skill level 5 in Unarmed Combat
  1544 | D:3      | Reached XP level 4. HP: 42/44 MP: 3/3
  1634 | D:3      | Noticed Robin
  1657 | D:3      | Killed Robin
  1668 | D:3      | Reached *** piety under Uskayaw
  1819 | D:3      | Identified the +1 dagger of Parts Unknown {venom, rF+ Int-2
                  | Dex+3}
  1898 | D:3      | You fall into a shaft and drop 1 floor!
  1994 | D:4      | Reached skill level 6 in Unarmed Combat
  1994 | D:4      | Reached XP level 5. HP: 50/50 MP: 4/4
  2611 | D:4      | Reached XP level 6. HP: 44/59 MP: 5/5
  2709 | D:4      | Reached skill level 7 in Unarmed Combat
  2761 | D:4      | Found a blossoming altar of Fedhas.
  2763 | D:4      | Found an opulent altar of Gozag.
  3048 | D:4      | Found a staircase to the Ecumenical Temple.
  3130 | D:4      | HP: 2/54 [centaur skeleton (1)]
  3709 | D:5      | Entered Level 5 of the Dungeon
  3937 | D:5      | Reached skill level 8 in Unarmed Combat
  4200 | D:5      | Reached XP level 7. HP: 57/66 MP: 6/6
  4305 | D:5      | Noticed Grinder
  4312 | D:5      | Killed Grinder
  4313 | D:5      | Reached skill level 9 in Unarmed Combat
  4776 | D:5      | Reached XP level 8. HP: 71/74 MP: 7/7
  4879 | D:6      | Noticed a two-headed ogre
  4894 | D:6      | Killed a two-headed ogre
  4895 | D:6      | Reached skill level 11 in Unarmed Combat
  4896 | D:6      | Reached **** piety under Uskayaw
  4904 | D:6      | Reached ***** piety under Uskayaw
  5290 | D:6      | HP: 2/74 [gnoll (12)]
  5291 | D:6      | Mangled by a gnoll

Illustrated notes

Levels and vault maps discovered:
D:1:      elethiomel_arrival_infinity_welcomes_careful_drivers, layout_basic,
          shapermc_ecumenical_altar_venn
D:2:      layout_basic
D:3:      layout_basic, mainiacjoe_overflow_cross_hatched, uniq_robin
D:4:      layout_loops_corners, nicolae_overflow_squiral,
          minmay_temple_entry_offerings
D:5:      layout_basic, serial_corexii_hall, chequers_hall_statues_y,
          corexii_hall_statues_x, corexii_hall_statues_i, uniq_grinder
D:6:      layout_cave_pools, good_gods_temple_1, minivault_23, uniq_edmund

Skill      XL: |  1  2  3  4  5  6  7  8 |
---------------+-------------------------+-----
Unarmed Combat | 4 5 6 8 9 11 | 11.5
Fighting       | |  2.4
Dodging        | |  2.4
Stealth        | |  1.0

Action                   |  1- 3 |  4- 6 |  7- 9 || total
-------------------------+-------+-------+-------++-------
Melee: Unarmed           |    88 |   159 |    44 ||   291
       Punch             |     1 |     9 |     2 ||    12
Throw: Stone             |       |       |     5 ||     5
  Use: Scroll            |       |     7 |     1 ||     8
       Potion            |       |       |     2 ||     2
 Stab: Sleeping          |     5 |       |       ||     5
       Paralysed         |       |     1 |     2 ||     3
Armor: Robe              |    24 |    48 |     2 ||    74
       Skin              |       |       |    19 ||    19
Dodge: Dodged            |    40 |    88 |    18 ||   146
